 Dungeon Crawl Stone Soup version 0.28-a0-390-gb254ac4902 (webtiles) character file.

Game seed: 10131663453043434219

101 zdrol the Covered (level 4, -5/40 HPs)
             Began as a Minotaur Fighter on Sept 4, 2021.
             Was an Initiate of Okawaru.
             Slain by Grinder (8 damage)
             ... on level 3 of the Dungeon.
             The game lasted 00:07:03 (2057 turns).

zdrol the Covered (Minotaur Fighter)                Turns: 2057, Time: 00:07:03

Health: -5/40      AC: 12    Str: 22    XL:     4   Next: 48%
Magic:  3/3        EV:  6    Int:  5    God:    Okawaru [......]
Gold:   133        SH:  4    Dex:  9    Spells: 3/3 levels left

rFire   . . .      SeeInvis .   a - +0 flail
rCold   . . .      Faith    .   c - +0 buckler
rNeg    . . .      Spirit   .   o - +0 plate armour
rPois   .          Reflect  .   (helmet restricted)
rElec   .          Harm     .   p - scarf {repulsion}
rCorr   .          Rampage  .   (no gloves)
Will    .....                   (no boots)
Stlth   ..........              (no amulet)
HPRegen 0.13/turn               k - ring of flight
MPRegen 0.08/turn               (no ring)

@: flying, repel missiles
A: horns 2, retaliatory headbutt
a: Renounce Religion


You were on level 3 of the Dungeon.
You worshipped Okawaru.
Okawaru was noncommittal.
You visited 1 branch of the dungeon, and saw 3 of its levels.

You collected 133 gold pieces.

Inventory:

Hand Weapons
 a - a +0 flail (weapon)
Missiles
 b - 6 atropa-tipped darts
 i - 7 boomerangs (quivered)
 m - 30 poisoned darts
Armour
 c - a +0 buckler (worn)
 o - a +0 plate armour (worn)
 p - a scarf of repulsion (worn)
Jewellery
 k - a ring of flight (left hand)
Scrolls
 g - a scroll of blinking {unknown}
 h - a scroll of identify {unknown}
 q - a scroll of noise {unknown}
 s - a scroll of fog
Potions
 d - 2 potions of might
 e - 2 potions of resistance {unknown}
 f - a potion of degeneration {unknown}
 j - 2 potions of heal wounds {unknown}
 l - a potion of flight {unknown}
 n - 2 potions of berserk rage {unknown}
 r - a potion of cancellation {unknown}


   Skills:
 + Level 4.1 Fighting
 + Level 3.1 Maces & Flails
 + Level 4.7 Armour
 + Level 1.4 Dodging
 + Level 4.4 Shields


You had 3 spell levels left.
You didn't know any spells.
Your spell library contained the following spells:

 Spells                   Type           Power      Damage    Failure   Level
 Apportation              Tloc           0%         N/A       100%        1
 Corona                   Hex            0%         N/A       100%        1
 Ensorcelled Hibernation  Hex/Ice        0%         N/A       100%        2
 Gell's Gravitas          Tloc           0%         N/A       100%        3
 Lesser Beckoning         Tloc           0%         N/A       100%        3
 Teleport Other           Tloc           0%         N/A       100%        3
 Alistair's Intoxication  Tmut/Pois      0%         N/A       100%        5
 Invisibility             Hex            0%         N/A       100%        6
 Tukima's Dance           Hex            Unusable   N/A       N/A         3

Dungeon Overview and Level Annotations

Branches:
Dungeon (3/15)

Altars:
Okawaru

Annotations:
D:3 Grinder


Innate Abilities, Weirdness & Mutations

You have a pair of horns on your head.
You reflexively headbutt those who attack you in melee.


Message History

Grinder blinks!
Grinder gestures at you. You resist with significant effort.
You can move again.
Throw: 7 boomerangs
Press: ? - help, Q - select action, (/) - cycle Shift-Dir - straight line, f - Grinder
Aim: Grinder, carrying a wand of polymorph (7) (severely wounded, 50% to hit)
You throw a boomerang. The boomerang closely misses Grinder.
Grinder blinks!
Unknown command.
Throw: 7 boomerangs
Press: ? - help, Q - select action, (/) - cycle Shift-Dir - straight line, f - you Really target yourself?
Okay, then.
s - 2 scrolls labelled TOGIBRAHIL
There are no items here.
As you read the scroll labelled TOGIBRAHIL, it crumbles to dust.
The scroll dissolves into smoke.
It was a scroll of fog.
Grinder blinks!
A quokka comes into view.
Grinder gestures at you. You resist with significant effort.
Grinder gestures at you.
You suddenly lose the ability to move!
The quokka bites you but does no damage. x3
Grinder gestures at you. You resist with significant effort.
The quokka bites you.
* * * LOW HITPOINT WARNING * * *
Grinder hits you.
* * * LOW HITPOINT WARNING * * *
You writhe in agony.
* * * LOW HITPOINT WARNING * * *
The quokka bites you.
* * * LOW HITPOINT WARNING * * *
Grinder hits you but does no damage.
The quokka bites you but does no damage.
You can move again.
You see here a +2 dagger of protection.
You barely miss the quokka. Your headbutt misses the quokka. Grinder hits you!
You die...

##.......# #.#
#..###### #.######
##.# #......# #..
######.# ##. .# #.
.#
######.#############
.#
.......5.§§§§§§.....
>#
######.@####§#######
## ##r# #§# #.. #.#
##.# #.# .. #.#
#.##.# #.##.#
..#.###### #
#.#......## #


You could see Grinder and a quokka.

Vanquished Creatures
  Jessica (D:3)
  2 adders (D:3)
  4 dart slugs
  An orc (D:3)
  3 ball pythons
  7 endoplasms
  3 giant cockroaches
  2 goblins
  6 hobgoblins
  4 quokkas
  6 bats
  2 frilled lizards
  2 kobolds (D:1)
  A rat (D:1)
  2 bushes (D:1)
46 creatures vanquished.

Notes
Turn   | Place    | Note
-------+----------+-------------------------------------------
     0 | D:1      | zdrol the Minotaur Fighter began the quest for the Orb.
     0 | D:1      | Reached XP level 1. HP: 19/19 MP: 0/0
   341 | D:1      | Reached XP level 2. HP: 16/27 MP: 1/1
   952 | D:1      | Found a faded altar of an unknown god.
  1019 | D:1      | Reached XP level 3. HP: 33/33 MP: 2/2
  1863 | D:3      | Reached skill level 1 in Dodging
  1961 | D:3      | Reached XP level 4. HP: 28/40 MP: 3/3
  1961 | D:3      | Found an iron altar of Okawaru.
  1971 | D:3      | Became a worshipper of Warmaster Okawaru
  1997 | D:3      | Noticed Jessica
  2004 | D:3      | Killed Jessica
  2026 | D:3      | Noticed Grinder
  2037 | D:3      | Paralysed by Grinder for 5 turns
  2051 | D:3      | Paralysed by Grinder for 6 turns
  2055 | D:3      | HP: 2/40 [quokka (2)]
  2057 | D:3      | Slain by Grinder

Illustrated notes

Levels and vault maps discovered:
D:1:      eino_arrival_water_star, layout_basic, serial_forest,
          infiniplex_forest_clump_small, infiniplex_forest_lined_2,
          infiniplex_forest_end_double, infiniplex_forest_clump_tiny,
          infiniplex_forest_clump_tiny, infiniplex_forest_clump_small,
          ebering_ecumenical_altar_box
D:2:      layout_rooms
D:3:      layout_basic, okawaru_metal_pillars_1_2, uniq_robin, uniq_grinder,
          uniq_jessica

Skill      XL: |  1  2  3  4 |
---------------+-------------+-----
Armour         | 4 |  4.7
Shields        | 4 |  4.4
Fighting       | 4 |  4.1
Dodging        | 1 |  1.4
Maces & Flails | 3 |  3.1

Action                   |  1- 3 |  4- 6 || total
-------------------------+-------+-------++-------
Melee: Flail             |   161 |    14 ||   175
       Headbutt          |    44 |     3 ||    47
Throw: Boomerang         |       |     5 ||     5
  Use: Scroll            |       |     1 ||     1
Armor: Scale mail        |    36 |       ||    36
       Plate armour      |    14 |    17 ||    31
Dodge: Dodged            |    58 |     2 ||    60
Block: Buckler           |    21 |     2 ||    23

Table legend: (Time is in decaauts)
 A = Elapsed time spent in this place.
 B = Non-inter-level travel time spent in this place.
 C = Inter-level travel time spent in this place.
 D = Time resting spent in this place.
 E = Time spent auto-exploring this place.
 F = Levels seen in this place.
 G = Mean time per level.
                   A        B        C        D        E       F      G
               +--------+--------+--------+--------+--------+-----+--------+
         Total |   2109 |   2109 |      0 |    254 |    783 |   3 |  703.0 |
       Dungeon |   2109 |   2109 |      0 |    254 |    783 |   3 |  703.0 |
               +--------+--------+--------+--------+--------+-----+--------+

Top non-repeatable levels by time:
     D:1: 1364 daAuts
     D:2: 410 daAuts
     D:3: 334 daAuts
